 Dungeon Crawl Stone Soup version 0.28.0-45-g0d030f2227 (webtiles) character file.

Game seed: 9919818048393865097

179 Ablot the Cutter (level 5, 0/70 HPs)
             Began as a Gnoll Chaos Knight on Apr 22, 2022.
             Was a Plaything of Xom.
             Succumbed to an orc priest's poison
             ... on level 3 of the Dungeon.
             The game lasted 00:03:01 (2466 turns).

Ablot the Cutter (Gnoll Chaos Knight)               Turns: 2466, Time: 00:03:02

Health: 0/70       AC:  6    Str: 13    XL:     5   Next: 59%
Magic:  7/7        EV: 11    Int: 12    God:    Xom [*.....]
Gold:   67         SH:  0    Dex: 11    Spells: 7/7 levels left

rFire   . . .      SeeInvis .   a - +0 short sword (chaos)
rCold   . . .      Faith    .   (no shield)
rNeg    . . .      Spirit   .   f - +0 ring mail {Will+}
rPois   .          Reflect  .   (no helmet)
rElec   .          Harm     .   (no cloak)
rCorr   .          Rampage  .   (no gloves)
Will    +....                   (no boots)
Stlth   ..........              (no amulet)
HPRegen 0.21/turn               (no ring)
MPRegen 0.10/turn               (no ring)

@: berserking, lethally poisoned (0 -> -21), very quick
A: fangs 1, strong nose, distributed training
a: Renounce Religion


You were on level 3 of the Dungeon.
You worshipped Xom.
You were a special plaything of Xom.
You visited 1 branch of the dungeon, and saw 3 of its levels.

You collected 67 gold pieces.

Inventory:

Hand Weapons
 a - a +0 short sword of chaos (weapon)
Missiles
 c - 37 stones
 d - 8 poisoned darts (quivered)
 g - 23 arrows
 i - 26 bolts
Armour
 f - a +0 ring mail of willpower (worn)
Scrolls
 b - 4 scrolls of teleportation {unknown}
 e - 2 scrolls of identify {unknown}
Potions
 h - a potion of brilliance {unknown}
 j - a potion of berserk rage


   Skills:
 + Level 6.7 Fighting
 + Level 6.7 Short Blades
 + Level 1.5 Long Blades
 + Level 1.5 Axes
 + Level 1.5 Maces & Flails
 + Level 1.5 Polearms
 + Level 1.5 Staves
 + Level 1.5 Slings
 + Level 1.5 Bows
 + Level 1.5 Crossbows
 + Level 1.5 Throwing
 + Level 4.8 Armour
 + Level 3.0 Dodging
 + Level 1.5 Stealth
 + Level 1.5 Shields
 + Level 1.5 Unarmed Combat
 + Level 1.5 Spellcasting
 + Level 1.2 Conjurations
 + Level 1.2 Hexes
 + Level 1.2 Summonings
 + Level 1.2 Necromancy
 + Level 1.2 Translocations
 + Level 1.2 Transmutations
 + Level 1.2 Fire Magic
 + Level 1.2 Ice Magic
 + Level 1.2 Air Magic
 + Level 1.2 Earth Magic
 + Level 1.2 Poison Magic
 + Level 1.7 Invocations
 + Level 1.5 Evocations


You had 7 spell levels left.
You didn't know any spells.
Your spell library contained the following spells:

 Spells                   Type           Power      Damage    Failure   Level
 Magic Dart               Conj           12%        1d3       34%         1
 Searing Ray              Conj           6%         2d4       45%         2
 Fulminant Prism          Conj/Hex       1%         3d6       98%         4


Dungeon Overview and Level Annotations

Branches:
Dungeon (3/15)

Altars:


Innate Abilities, Weirdness & Mutations

You have very sharp teeth.
Your uncanny sense of smell can sniff out nearby items.
Your experience applies equally to all skills.


Message History

The rat barely misses you.
You closely miss the orc priest. "You have displeased me, mortal."
Your body is wracked with pain!
* * * LOW HITPOINT WARNING * * *
The rat barely misses you.
The orc priest hits you but does no damage.
You are poisoned.
You barely miss the orc priest.
You feel sick.
You closely miss the orc priest.
You feel sick.
The orc priest hits you but does no damage.
You are lethally poisoned!
The rat barely misses you.
You hit the orc priest but do no damage.
* * * LOW HITPOINT WARNING * * *
You feel very sick.
The orc priest hits you but does no damage.
The rat closely misses you.
Unknown command.
It was a potion of berserk rage.
A red film seems to cover your vision as you go berserk!
You feel yourself moving faster!
You feel mighty!
* * * LOW HITPOINT WARNING * * *
You feel very sick. The rat closely misses you.
The orc priest looks encouraged for a moment.
You completely miss the orc priest. Your bite misses the orc priest.
* * * LOW HITPOINT WARNING * * *
You feel sick.
You completely miss the orc priest.
* * * LOW HITPOINT WARNING * * *
You feel sick. The rat bites you but does no damage.
The orc priest hits you with a +0 dagger of venom.
* * * LOW HITPOINT WARNING * * *
You are more poisoned.
You puncture the orc priest!
The orc priest goes berserk!
Your bite misses the orc priest.
The orc priest is severely wounded.
You die...
Xom titters!

# .# ∆ #####
#.##
##r..##...##..
#@)⌠..[.⌠.'..⌠
##o..##...##..
##### #+##


You could see an orc priest (berserk) and a rat.

Vanquished Creatures
  An orc wizard (D:3)
  Natasha (thrice) (D:2)
  2 adders (D:2)
  2 dart slugs (D:1)
  3 orcs
  6 ball pythons
  3 bats
  4 endoplasms
  2 giant cockroaches (D:1)
  5 goblins
  7 hobgoblins
  3 jackals (D:1)
  3 quokkas
  A frilled lizard (D:1)
  3 kobolds
  2 rats
50 creatures vanquished.

Notes
Turn   | Place    | Note
-------+----------+-------------------------------------------
     0 | D:1      | Ablot the Gnoll Chaos Knight began the quest for the Orb.
     0 | D:1      | Reached XP level 1. HP: 23/23 MP: 1/1
   139 | D:1      | Reached XP level 2. HP: 25/29 MP: 2/2
   395 | D:1      | XOM: smoke on damage
   570 | D:1      | Reached XP level 3. HP: 33/35 MP: 3/3
   806 | D:1      | XOM: silly message
   813 | D:2      | Found a faded altar of an unknown god.
   880 | D:2      | Noticed Natasha
   882 | D:2      | XOM: 1-stop teleportation journey
   975 | D:2      | Reached skill level 1 in Invocations
  1014 | D:2      | XOM: god gift: 16 gold pieces
  1037 | D:2      | Reached skill level 1 in Long Blades
  1037 | D:2      | Reached skill level 1 in Axes
  1037 | D:2      | Reached skill level 1 in Maces & Flails
  1037 | D:2      | Reached skill level 1 in Polearms
  1037 | D:2      | Reached skill level 1 in Staves
  1037 | D:2      | Reached skill level 1 in Slings
  1037 | D:2      | Reached skill level 1 in Bows
  1037 | D:2      | Reached skill level 1 in Crossbows
  1037 | D:2      | Reached skill level 1 in Throwing
  1037 | D:2      | Reached skill level 1 in Stealth
  1037 | D:2      | Reached skill level 1 in Shields
  1037 | D:2      | Reached skill level 1 in Unarmed Combat
  1037 | D:2      | Reached skill level 1 in Spellcasting
  1037 | D:2      | Reached skill level 1 in Evocations
  1045 | D:2      | Killed Natasha
  1046 | D:2      | Reached XP level 4. HP: 4/41 MP: 5/5
  1382 | D:2      | Reached skill level 1 in Conjurations
  1382 | D:2      | Reached skill level 1 in Hexes
  1382 | D:2      | Reached skill level 1 in Summonings
  1382 | D:2      | Reached skill level 1 in Necromancy
  1382 | D:2      | Reached skill level 1 in Translocations
  1382 | D:2      | Reached skill level 1 in Transmutations
  1382 | D:2      | Reached skill level 1 in Fire Magic
  1382 | D:2      | Reached skill level 1 in Ice Magic
  1382 | D:2      | Reached skill level 1 in Air Magic
  1382 | D:2      | Reached skill level 1 in Earth Magic
  1382 | D:2      | Reached skill level 1 in Poison Magic
  1517 | D:2      | Noticed Natasha
  1518 | D:2      | XOM: confusion (+ monsters)
  1529 | D:2      | Killed Natasha
  1530 | D:2      | Reached XP level 5. HP: 27/47 MP: 6/6
  1791 | D:2      | Noticed Natasha
  1798 | D:2      | XOM: enchant monster (good)
  1814 | D:2      | HP: 2/47 [Natasha (8)]
  1816 | D:2      | Killed Natasha
  2167 | D:3      | XOM: noise
  2459 | D:3      | XOM: torment (14/47 hp)
  2465 | D:3      | HP: 3/70 [orc priest/+0 dagger of venom (2)]
  2466 | D:3      | Succumbed to an orc priest's poison

Illustrated notes

Levels and vault maps discovered:
D:1:      minmay_arrival_up_and_down, layout_basic
D:2:      layout_rooms, chequers_ecumenical_altar_simple, uniq_natasha
D:3:      layout_loops_corners, minmay_misc_feat_five, grunt_ministairs_5

Skill      XL: |  1  2  3  4  5 |
---------------+----------------+-----
Invocations    | 1 |  1.7
Long Blades    | 1 |  1.5
Axes           | 1 |  1.5
Maces & Flails | 1 |  1.5
Polearms       | 1 |  1.5
Staves         | 1 |  1.5
Slings         | 1 |  1.5
Bows           | 1 |  1.5
Crossbows      | 1 |  1.5
Throwing       | 1 |  1.5
Stealth        | 1 |  1.5
Shields        | 1 |  1.5
Unarmed Combat | 1 |  1.5
Spellcasting   | 1 |  1.5
Evocations     | 1 |  1.5
Conjurations   | 1 |  1.2
Hexes          | 1 |  1.2
Summonings     | 1 |  1.2
Necromancy     | 1 |  1.2
Translocations | 1 |  1.2
Transmutations | 1 |  1.2
Fire Magic     | 1 |  1.2
Ice Magic      | 1 |  1.2
Air Magic      | 1 |  1.2
Earth Magic    | 1 |  1.2
Poison Magic   | 1 |  1.2
Dodging        | 3 |  3.0
Fighting       | |  6.7
Short Blades   | |  6.7
Armour         | |  4.8

Action                   |  1- 3 |  4- 6 || total
-------------------------+-------+-------++-------
Melee: Short sword       |    99 |    92 ||   191
       Bite              |     7 |     7 ||    14
       Punch             |     3 |     1 ||     4
  Use: Potion            |       |     1 ||     1
 Stab: Petrified         |       |     3 ||     3
Armor: Leather armour    |     8 |       ||     8
       Ring mail         |    22 |    23 ||    45
Dodge: Dodged            |    40 |    42 ||    82
